 Dungeon Crawl Stone Soup version 0.31-a0-1603-gbec6b6ccbf (webtiles) character file.

Game seed: 16796563852860036660

357982 freelancePsychic the Scorcher (level 21, -5/113 (134) HPs)
             Began as a Deep Elf Alchemist on Jan 7, 2024.
             Was the Champion of Ru.
             Slain by Josephina
             ... wielding a staff of cold
              (17 damage)
             ... on level 1 of the Crypt.
             The game lasted 02:05:18 (49285 turns).

freelancePsychic the Scorcher (Deep Elf Alchemist) Turns: 49285, Time: 02:05:19

HP:   -5/113 (134)  AC: 19    Str: 13    XL:     21   Next: 43%
MP:   9/37          EV: 19    Int: 26    God:    Ru [******]
Gold: 2385          SH: 15    Dex: 15    Spells: 5/41 levels left

rFire   + + +        b - staff of alchemy
rCold   + . .        c - +2 kite shield {AC+3}
rNeg    + . .        C - +0 troll leather armour
rPois   +            F - +2 hat
rElec   +            G - +1 cloak
rCorr   +            r - +0 pair of gloves
SInv    +            L - +1 pair of boots {rampage}
Will    ++++.        W - amulet of the Four Winds {rN+ Will+++ Clar}
Stlth   +++++        k - ring of Rocon {Wiz Str+4 Stlth+}
HPRegen 1.18/turn    S - ring of Amocs {rF++ AC+4 Int-2 Slay+3 SInv}
MPRegen 0.25/turn

%: clarity, rampage, wizardry (x1)
@: brilliant, exhausted, resistant, on berserk cooldown, hasted, heavily
drained, very quick
A: inability to drink after injury 2, inability to use devices, hated by all,
weak-willed 1, no forms, berserk 1, screaming 1
}: 2/15 runes: decaying, gossamer
a: Renounce Religion, Draw Out Power, Power Leap, Apocalypse


You were on level 1 of the Crypt.
You worshipped Ru.
Ru was exalted by your worship.
You visited 9 branches of the dungeon, and saw 38 of its levels.
You visited the Abyss 2 times.
You also visited: Ice Cave.

You collected 4488 gold pieces.
You spent 2103 gold pieces at shops.

Inventory:

Hand Weapons
 j - a +2 sacred scourge of holy wrath
Missiles
 I - 4 throwing nets
Armour
 c - a +2 kite shield of protection (worn)
 d - a +1 leather armour of fire resistance
 r - a +0 pair of gloves (worn)
 C - a +0 troll leather armour (worn)
 F - a +2 hat (worn)
 G - a +1 cloak (worn)
 L - a +1 pair of boots of rampaging (worn)
Magical Staves
 a - the staff "Beetlebane" {rN+ rCorr Int+3 Necro}
   (You found it on level 5 of the Dungeon)

   [staff of death]

   Base accuracy: +5 Base damage: 5 Base attack delay: 1.2 This weapon's minimum
   attack delay (0.6) is reached at skill level 12.
   Int+3:     It affects your intelligence (+3).
   rN+:       It protects you from negative energy.
   rCorr:     It protects you from acid and corrosion.
   Necro:     It increases the power of your Necromancy spells.
   It falls into the 'Staves' category.
   It is a one-handed weapon.
 b - a staff of alchemy (weapon)
Jewellery
 e - a ring of willpower
 k - the ring of Rocon (left hand) {Wiz Str+4 Stlth+}
   (You took it off a deep elf archer on level 3 of the Elven Halls)

   [ring of wizardry]

   Wiz:       It improves your spell success rate.
   Str+4:     It affects your strength (+4).
   Stlth+:    It makes you more stealthy.
 p - a ring of protection from fire
 y - a ring of protection from cold
 D - a +6 ring of intelligence
 H - a ring of flight
 S - the ring of Amocs (right hand) {rF++ AC+4 Int-2 Slay+3 SInv}
   (You took it off a deep elf annihilator on level 3 of the Elven Halls)

   [ring of protection]

   AC+4:      It affects your AC (+4).
   Int-2:     It affects your intelligence (-2).
   Slay+3:    It affects your accuracy & damage with ranged weapons and melee
   (+3).
   rF++:      It greatly protects you from fire.
   SInv:      It lets you see invisible.
 T - a +6 ring of dexterity
 U - a ring of resist corrosion
 V - an amulet of reflection
 W - the amulet of the Four Winds (around neck) {rN+ Will+++ Clar}
   (You took it off a deep elf demonologist on level 3 of the Elven Halls)

   [amulet of nothing]

   rN+:       It protects you from negative energy.
   Will+++:   It greatly increases your willpower.
   Clar:      It protects you from confusion, rage, mesmerisation and fear.
 Z - a ring of protection from fire
Scrolls
 l - 8 scrolls of noise
 o - a scroll of revelation
 s - a scroll of immolation
 t - 4 scrolls of poison
 u - a scroll of amnesia
 v - 6 scrolls of enchant weapon
 w - 3 scrolls of blinking
 x - 4 scrolls of torment
 z - 4 scrolls of vulnerability
 B - 3 scrolls of teleportation {@r4}
 E - a scroll of brand weapon
 P - 2 scrolls of fear
 R - a scroll of silence
 X - 12 scrolls of identify {@r1}
Potions
 f - 6 potions of might
 g - 9 potions of heal wounds {@q2}
 h - 10 potions of curing {@q1}
 i - 5 potions of degeneration
 m - 5 potions of resistance
 n - 4 potions of enlightenment
 q - 2 potions of magic
 A - 3 potions of attraction
 J - 6 potions of mutation
 K - 6 potions of haste {@q3}
 M - a potion of cancellation
 N - 4 potions of lignification
 O - 6 potions of ambrosia
 Q - a potion of brilliance
 Y - a potion of berserk rage


   Skills:
 - Level 15.0 Fighting
 - Level 8.2 Armour
 - Level 17.2 Dodging
 - Level 7.9 Stealth
 * Level 14.1 Shields
 - Level 10.6 Spellcasting
 - Level 8.9 Conjurations
 + Level 7.6 Necromancy
 * Level 17.7 Fire Magic
 - Level 6.8 Air Magic
 - Level 12.4 Alchemy


You had 5 spell levels left.
You knew the following spells:

 Your Spells              Type           Power      Damage    Failure   Level
a - Sting                 Conj/Alch      100%       1d9       1%          1
b - Mercury Vapours       Alch/Air       100%       N/A       1%          2
c - Sticky Flame          Fire/Alch      100%       2d15      1%          4
d - Olgreb's Toxic Radia  Alch           100%       N/A       1%          4
e - Sublimation of Blood  Necr           69%        N/A       1%          2
f - Dispel Undead         Necr           69%        3d23      1%          4
g - Ignition              Fire           51%        3d14      19%         8
h - Irradiate             Conj/Alch      51%        3d28      1%          5
i - Plasma Beam           Fire/Air       43%        2x1d57    4%          6

Your spell library contained the following spells:

 Spells                   Type           Power      Damage    Failure   Level
 Foxfire                  Conj/Fire      100%       2x1d9     1%          1
 Kiss of Death            Conj/Necr      100%       2d13      1%          1
 Fugue of the Fallen      Necr           69%        N/A       1%          3
 Inner Flame              Hex/Fire       74%        N/A       1%          3
 Mephitic Cloud           Conj/Alch/Air  96%        N/A       1%          3
 Stone Arrow              Conj/Erth      100%       3d13      1%          3
 Alistair's Intoxication  Alch           72%        N/A       1%          5
 Fireball                 Conj/Fire      45%        3d18      1%          5
 Apportation              Tloc           40%        N/A       4%          1
 Sandblast                Erth           40%        2d10      4%          1
 Ensorcelled Hibernation  Hex/Ice        40%        N/A       6%          2
 Jinxbite                 Hex            40%        N/A       6%          2
 Lesser Beckoning         Tloc           40%        N/A       6%          2
 Brom's Barrelling Bould  Conj/Erth      53%        2d7       7%          4
 Iskenderun's Mystic Bla  Conj/Tloc      53%        2d11      7%          4
 Anguish                  Hex/Necr       25%        N/A       9%          4
 Yara's Violent Unravell  Hex/Alch       40%        3d16      9%          5
 Confusing Touch          Hex            20%        N/A       13%         3
 Gell's Gravitas          Tloc           20%        N/A       13%         3
 Passwall                 Erth           20%        N/A       13%         3
 Teleport Other           Tloc           20%        N/A       13%         3
 Freezing Cloud           Conj/Ice/Air   28%        6-21      14%         5
 Cause Fear               Hex            10%        N/A       38%         4
 Dimensional Bullseye     Hex/Tloc       10%        N/A       38%         4
 Passage of Golubria      Tloc           20%        N/A       38%         4
 Starburst                Conj/Fire      45%        6d13      2%          6
 Orb of Destruction       Conj           37%        9d11      63%         7
 Bombard                  Conj/Erth      26%        9d5       67%         6
 Enfeeble                 Hex            10%        N/A       100%        7
 Ozocubu's Refrigeration  Ice            10%        4d9       100%        7
 Discord                  Hex            10%        N/A       100%        8
 Shatter                  Erth           10%        3d11*     100%        9
 Summon Blazeheart Golem  Fire/Summ      Unusable   N/A       N/A         4
 Summon Small Mammal      Summ           Unusable   N/A       N/A         1
 Call Imp                 Summ           Unusable   N/A       N/A         2
 Call Canine Familiar     Summ           Unusable   N/A       N/A         3
 Tukima's Dance           Hex            Unusable   N/A       N/A         3
 Spellforged Servitor     Conj/Summ      Unusable   N/A       N/A         7
 Summon Hydra             Summ           Unusable   N/A       N/A         7
 Dragon's Call            Summ           Unusable   N/A       N/A         9

Dungeon Overview and Level Annotations

Branches:
Dungeon (15/15)            Temple (1/1) D:5            Lair (5/5) D:11
  Swamp (4/4) Lair:3       Spider (4/4) Lair:2        Slime (0/5) Lair:5
    Orc (2/2) D:11            Elf (3/3) Orc:2        Vaults (3/5) D:13
  Crypt (1/3) Vaults:2     Depths (0/4) D:15          IceCv (visited)

Altars:
Ashenzari
Cheibriados
Dithmenos
Elyvilon
Gozag
Kikubaaqudgha
Makhleb
Nemelex Xobeh
Okawaru
Qazlal
Ru
Sif Muna
Trog
Uskayaw
Vehumet
Wu Jian
Xom
Zin
The Shining One

Shops:
D:3 [   Orc:1 *   Orc:2 !*([   Elf:2 :   Elf:3 *(   Vaults:2 =

Annotations:
Elf:1 2 transporters, 20 runed translucent doors, Larett's ghost, journeyman MiBe
Elf:2 5 runed translucent doors
Crypt:1 Josephina


Innate Abilities, Weirdness & Mutations

You sometimes lose the ability to drink potions when taking damage.
You cannot study or use magical devices.
You are hated by all.
You are slightly weak-willed. (Will-)
You cannot voluntarily change form.
You sometimes lose your temper in combat.
You occasionally shout uncontrollably at your foes.


Message History

You redirect the laughing skull's attack!
You block the jiangshi's attack. The jiangshi claws you!
The jiangshi draws strength from your injuries!
Activating: Apocalypse
Press: ? - help, Dir - look around, f - activate You reveal the great annihilating truth to your foes!
The jiangshi is paralysed by terrible understanding!
You destroy the laughing skull!
Josephina doubts her magic when faced with ultimate truth!
You destroy the laughing skull!
The dire elephant simulacrum vaporises!
The dire elephant simulacrum is paralysed by terrible understanding!
You feel drained.
Aiming: Dispel Undead (mildly dangerous; 1% risk of failure)
Press: ? - help, Q - select action, (/) - cycle Shift-Dir - straight line, f - jiangshi
Aim: a jiangshi (severely damaged, paralysed, 100% to hit)
You feel a surge of power!
The jiangshi is dispelled!!!
You destroy the jiangshi!
You rampage towards Josephina!
Josephina begins to cast a spell, but is stunned by your conviction!
You rampage towards Josephina!
You closely miss Josephina.
Josephina is moderately damaged.
Josephina barely misses you. x2
Aiming: Dispel Undead (mildly dangerous; 1% risk of failure)
Press: ? - help, Q - select action, (/) - cycle Shift-Dir - straight line, f - Josephina
Aim: Josephina, wielding a staff of cold, wearing a +1 robe and wearing the ring "Hibotzat" {Ice rCorr Dex-5 Slay+2} (moderately damaged, magic disrupted, 100% to hit)
You feel a surge of power!
Josephina is dispelled!!
Aiming: Dispel Undead (mildly dangerous; 1% risk of failure)
Press: ? - help, Q - select action, (/) - cycle Shift-Dir - straight line, f/p - Josephina
Aim: Josephina, wielding a staff of cold, wearing a +1 robe and wearing the ring "Hibotzat" {Ice rCorr Dex-5 Slay+2} (moderately damaged, magic disrupted, 100% to hit)
You feel a surge of power!
Josephina is dispelled!!!
You block Josephina's attack. x2
Aiming: Dispel Undead (mildly dangerous; 1% risk of failure)
Press: ? - help, Q - select action, (/) - cycle Shift-Dir - straight line, f/p - Josephina
Aim: Josephina, wielding a staff of cold, wearing a +1 robe and wearing the ring "Hibotzat" {Ice rCorr Dex-5 Slay+2} (severely damaged, magic disrupted, 100% to hit)
You feel a surge of power!
Josephina is dispelled!!
Josephina hits you with a staff of cold!!
Josephina freezes you!! You resist.
* * * LOW HITPOINT WARNING * * *
Josephina freezes you!
You die...

#.....#.................
#.......................
#....##.###...##...#####
####.##.###......###
###.##.##.......#
#...##.##.......#
#...##.##...###.#
#...##.###### #.#
###.##@# #.# #.##L# #.#
#.#Z.° #.. #.....# ..
#.....# #....## ..#....
......... ...#.####


You could see Josephina (magic disrupted) and a dire elephant simulacrum
(paralysed).

Vanquished Creatures
  Saint Roka (Elf:3)
  Jorgrun (Swamp:2)
  2 deep elf blademasters
  An acid blob (Lair:5)
  2 tentacled starspawn (Abyss:3)
  2 deep elf master archers (Elf:3)
  2 thorn hunters
  Aizul (Elf:1)
  A revenant (Crypt:1)
  A fenstrider witch (Swamp:3)
  2 deep elf sorcerers (Elf:3)
  Louise (Elf:2)
  4 ghost moths (Spider:4)
  3 deep elf elementalists (Elf:3)
  An emperor scorpion (Spider:4)
  5 vault wardens
  A curse skull (Crypt:1)
  An angel (Abyss:3)
  2 very ugly things (Vaults:2)
  3 ghouls (Swamp:1)
  A cacodemon (Abyss:3)
  An orc warlord (Elf:3)
  A reaper (Abyss:3)
  8 ironbound preservers
  Nessos (D:13)
  3 ironbound thunderhulks (Vaults:1)
  4 eleionomae
  8 deep elf demonologists
  4 deep elf death magi
  7 deep elf annihilators (Elf:3)
  3 spark wasps (Spider:3)
  4 bunyips
  2 dire elephants (Vaults:1)
  An ettin (Orc:1)
  The ghost of Heal the Slicer, a journeyman KoBr of Okawaru (Lair:3)
  2 jiangshi (Crypt:1)
  5 yaktaur captains
  A fire dragon (Lair:3)
  A deep elf high priest (Elf:3)
  A shambling mangrove (Swamp:4)
  6 entropy weavers
  A rakshasa (D:15)
  11 vault guards
  2 death knights
  19 hydras
  6 centaur warriors
  A great orb of eyes (Vaults:2)
  An ogre mage (D:15)
  3 jorogumos
  2 radroaches
  9 alligators
  2 ironbound frosthearts
  9 boulder beetles
  5 ghost crabs
  9 death yaks (Lair:2)
  11 dancing weapons
  9 two-headed ogres
  A tengu warrior (D:15)
  12 demonic crawlers
  An occultist (D:15)
  3 thrashing horrors (Abyss:3)
  9 orc high priests
  A soul eater (Abyss:3)
  3 sun demons
  13 deep elf knights
  A skyshark (Lair:3)
  8 pharaoh ants
  4 skeletal warriors (D:13)
  4 goliath frogs
  2 death drakes
  2 spriggan druids
  11 swamp dragons
  3 arcanists (Vaults:1)
  15 deep trolls
  2 glowing orange brains
  6 orb spiders
  14 bog bodies
  6 deep elf archers
  A sun moth (Spider:3)
  7 ironbound convokers
  6 lindwurms
  2 large abominations (Abyss:3)
  11 deep elf zephyrmancers
  2 phantasmal warriors (Crypt:1)
  29 ugly things
  8 steelbarb worms
  22 deep elf pyromancers
  A necromancer (D:15)
  12 wolf spiders
  10 orc knights
  4 will-o-the-wisps
  2 orc sorcerers
  5 cyclopes
  6 manticores
  7 moths of wrath
  3 centaur zombies (D:15)
  3 meliai (shapeshifter)
  9 elephants
  6 meliai
  3 smoke demons
  3 black mambas
  7 spectral spriggans (Swamp:1)
  6 vault sentinels
  A kobold blastminer (Orc:1)
  An emperor scorpion simulacrum (Crypt:1)
  9 cane toads
  7 torpor snails
  A red draconian zombie (Crypt:1)
  3 rime drakes
  An unseen horror (shapeshifter) (Abyss:3)
  2 unseen horrors
  Maggie (D:7)
  4 kobold demonologists (D:11)
  2 efreet (D:14)
  7 komodo dragons
  14 yaktaurs
  A sea snake skeleton (Crypt:1)
  A tengu conjurer (D:14)
  4 freezing wraiths
  An ancient zyme (Abyss:3)
  A bloated husk (Swamp:1)
  A guardian mummy (Crypt:1)
  A hellwing (D:11)
  6 tyrant leeches
  7 trolls
  5 polar bears (Lair:5)
  17 tarantellas
  Prince Ribbit (D:7)
  25 blink frogs
  11 hornets
  4 raiju (Abyss:3)
  12 dream sheep
  22 jumping spiders
  9 culicivoras
  4 slime creatures (D:13)
  22 spriggans
  An air elemental (Elf:2)
  2 small abominations (Abyss:3)
  2 water elementals
  A shadow (D:11)
  A dire elephant simulacrum (Crypt:1)
  5 wraiths
  4 wyverns
  2 vampires
  A ynoxinul (Abyss:3)
  A basilisk (Lair:2)
  A warg (Orc:1)
  42 yaks
  4 fire elementals
  A basilisk (shapeshifter) (D:13)
  A neqoxec (Abyss:3)
  2 steam dragons (D:10)
  10 vampire mosquitoes
  27 redbacks
  Menkaure (D:7)
  15 swamp worms
  3 acid dragons
  Duvessa (D:7)
  4 water moccasins
  46 orc warriors
  6 black bears
  10 swamp drakes
  6 ogres
  13 laughing skulls
  18 wolves
  9 boggarts
  8 centaurs
  A phantom (D:5)
  6 kobold brigands
  6 earth elementals
  8 bullfrogs
  A gnoll sergeant (D:10)
  6 scorpions
  6 wights
  Dowan (D:7)
  22 killer bees
  6 howler monkeys
  5 electric eels
  A bombardier beetle (D:4)
  A jelly (D:6)
  2 sleepcaps
  A gnoll bouda (D:8)
  Crazy Yiuf (D:7)
  6 hounds
  31 orc priests
  2 human skeletons (Crypt:1)
  3 iguanas
  9 orc wizards
  4 hell rats (Lair:1)
  A boggart skeleton (D:15)
  7 mummies (Crypt:1)
  12 gnolls
  8 adders
  2 white imps
  3 ufetubi
  2 ribbon worms
  9 dart slugs
  89 orcs
  8 endoplasms
  4 giant cockroaches
  14 goblins
  8 hobgoblins
  9 jackals
  6 quokkas
  13 ball pythons
  6 bats
  5 frilled lizards
  26 kobolds
  An orc zombie (Crypt:1)
  6 rats
1322 creatures vanquished.

Vanquished Creatures (others)
  A profane servitor (Abyss:3)
  A fenstrider witch (Swamp:1)
  A vault warden (Vaults:1)
  A ghost moth (Spider:4)
  A broodmother (Spider:2)
  A jiangshi (Vaults:2)
  3 alligators
  A jorogumo (Spider:3)
  A bog body (Swamp:3)
  A steelbarb worm (Spider:4)
  3 lindwurms
  A deep elf zephyrmancer (Elf:3)
  A moth of wrath (Spider:3)
  A torpor snail (Spider:4)
  A yaktaur (Vaults:2)
  A redback zombie (D:15)
  8 bloated husks
  A jumping spider (Spider:4)
  A harpy simulacrum (Crypt:1)
  8 foxfires (Swamp:4)
  2 starspawn tentacles (Abyss:3)
40 creatures vanquished.

Grand Total: 1362 creatures vanquished

Notes
Turn   | Place    | Note
-------+----------+-------------------------------------------
     0 | D:1      | freelancePsychic the Deep Elf Alchemist began the quest for
                  | the Orb.
     0 | D:1      | Reached XP level 1. HP: 10/10 MP: 6/6
   270 | D:1      | Reached XP level 2. HP: 16/16 MP: 5/8
   887 | D:1      | Learned a level 2 spell: Mercury Vapours
   915 | D:1      | Reached XP level 3. HP: 20/20 MP: 6/9
  1264 | D:1      | Reached skill level 1 in Fighting
  2019 | D:2      | Reached XP level 4. HP: 25/25 MP: 5/10
  2024 | D:2      | Learned a level 4 spell: Olgreb's Toxic Radiance
  2694 | D:3      | Reached XP level 5. HP: 29/29 MP: 6/11
  3032 | D:3      | Found Komaq's Antique Armour Shop.
  3046 | D:3      | Bought a runed leather armour for 85 gold pieces
  3140 | D:3      | Found a radiant altar of Vehumet.
  3221 | D:3      | Reached skill level 5 in Alchemy
  3796 | D:4      | Reached XP level 6. HP: 35/35 MP: 7/13
  4892 | D:5      | Entered Level 5 of the Dungeon
  4994 | D:5      | Reached skill level 5 in Stealth
  5080 | D:5      | Found a staircase to the Ecumenical Temple.
  5088 | D:5      | Reached XP level 7. HP: 40/40 MP: 8/15
  5098 | Temple   | Entered the Ecumenical Temple
  5159 | Temple   | Became a worshipper of Ru the Awakened
  5417 | D:5      | Identified the staff "Beetlebane" {rN+ rCorr Int+3 Necro}
  6135 | D:6      | Learned a level 4 spell: Sticky Flame
  6502 | D:6      | Reached skill level 1 in Fire Magic
  6683 | D:6      | Reached XP level 8. HP: 46/46 MP: 3/16
  7146 | D:6      | Found a basalt altar of Yredelemnul.
  7148 | D:6      | Found a broken altar of Ashenzari.
  7148 | D:6      | Found a sparkling altar of Nemelex Xobeh.
  7150 | D:6      | Found an ornate altar of the Wu Jian Council.
  7185 | D:6      | Gained mutation: You are slightly weak-willed. (Will-) [Ru
                  | sacrifice]
  7185 | D:6      | Reached * piety under Ru
  7532 | D:7      | Noticed Dowan
  7534 | D:7      | Noticed Duvessa
  7544 | D:7      | Killed Duvessa
  7545 | D:7      | Killed Dowan
  7721 | D:7      | Found a shimmering blue altar of Sif Muna.
  7731 | D:7      | Noticed Menkaure
  7737 | D:7      | Killed Menkaure
  7974 | D:7      | Noticed Maggie
  8090 | D:7      | Found a glowing golden altar of the Shining One.
  8134 | D:7      | Found a runed translucent door.
  8135 | D:7      | Noticed Crazy Yiuf
  8142 | D:7      | Killed Crazy Yiuf
  8444 | D:7      | Noticed Prince Ribbit
  8447 | D:7      | Killed Prince Ribbit
  8596 | D:7      | Killed Maggie
  8597 | D:7      | Reached XP level 9. HP: 52/52 MP: 8/17
  8826 | D:8      | Learned a level 4 spell: Dispel Undead
  8866 | D:8      | Noticed a two-headed ogre
  9039 | D:8      | Reached skill level 1 in Necromancy
  9304 | D:8      | Killed a two-headed ogre
  9305 | D:8      | Reached skill level 5 in Fighting
 10308 | D:5      | Reached XP level 10. HP: 57/60 MP: 12/21
 10560 | D:9      | Reached skill level 5 in Necromancy
 10917 | D:9      | Noticed a deep troll
 11198 | D:9      | Killed a deep troll
 11281 | D:9      | Gained mutation: You cannot study or use magical devices.
                  | [Ru sacrifice]
 11281 | D:9      | Reached ** piety under Ru
 11281 | D:9      | Reached *** piety under Ru
 11413 | D:9      | Reached skill level 10 in Alchemy
 11578 | D:9      | Learned a level 2 spell: Sublimation of Blood
 11998 | D:9      | Reached skill level 5 in Dodging
 11998 | D:9      | Reached skill level 5 in Conjurations
 12296 | D:10     | Entered Level 10 of the Dungeon
 12525 | D:10     | Reached XP level 11. HP: 65/67 MP: 9/23
 13283 | D:10     | Learned a level 5 spell: Irradiate
 13496 | D:11     | Found a staircase to the Orcish Mines.
 13566 | D:11     | Noticed an orc knight
 14056 | D:11     | Killed an orc knight
 14506 | D:11     | Found a staircase to the Lair.
 14746 | Orc:1    | Entered Level 1 of the Orcish Mines
 14765 | Orc:1    | Noticed an ettin
 14788 | Orc:1    | Killed an ettin
 15021 | Orc:2    | Entered Level 2 of the Orcish Mines
 15317 | Orc:2    | Found a radiant altar of Vehumet.
 15440 | Orc:2    | Reached XP level 12. HP: 68/74 MP: 18/26
 15498 | Orc:2    | Noticed an orc high priest
 15507 | Orc:2    | Killed an orc high priest
 15782 | Orc:2    | Noticed an orc high priest
 15790 | Orc:2    | Killed an orc high priest
 16210 | Orc:2    | Found a staircase to the Elven Halls.
 16266 | Orc:2    | Noticed an orc high priest
 16274 | Orc:2    | Killed an orc high priest
 16368 | Orc:2    | Noticed an orc high priest
 16378 | Orc:2    | Killed an orc high priest
 16379 | Orc:2    | Reached skill level 10 in Spellcasting
 16624 | Orc:2    | Noticed an orc high priest
 16631 | Orc:2    | Killed an orc high priest
 16780 | Orc:2    | Gained mutation: You are hated by all. [Ru sacrifice]
 16780 | Orc:2    | Reached **** piety under Ru
 16780 | Orc:2    | Reached ***** piety under Ru
 16809 | Orc:2    | Found Gouhakh's Distillery.
 16810 | Orc:2    | Found Ubich's Antique Armour Shop.
 16810 | Orc:2    | Found Ruhuegis's Antique Weapon Boutique.
 16811 | Orc:2    | Found Feura's Assorted Antiques.
 16821 | Orc:2    | Bought a potion of haste for 180 gold pieces
 16821 | Orc:2    | Bought a potion of haste for 180 gold pieces
 16821 | Orc:2    | Bought a potion of haste for 180 gold pieces
 16821 | Orc:2    | Bought 2 potions of heal wounds for 180 gold pieces
 16821 | Orc:2    | Bought a potion of magic for 144 gold pieces
 16825 | Orc:2    | Bought a pair of glowing boots for 240 gold pieces
 16825 | Orc:2    | Bought a bubbling grey potion for 28 gold pieces
 16825 | Orc:2    | Bought a scroll of identify for 64 gold pieces
 17325 | Orc:1    | Found Bonopak's Mass Market.
 18643 | D:13     | Reached XP level 13. HP: 43/70 MP: 10/29
 18706 | Lair:1   | Entered Level 1 of the Lair of Beasts
 18912 | Lair:1   | Reached skill level 10 in Dodging
 20512 | Lair:2   | Reached skill level 10 in Fighting
 20718 | Lair:2   | Reached skill level 1 in Armour
 20838 | Lair:2   | Found a hole to the Spider Nest.
 22007 | Lair:3   | Found a large runed translucent door.
 22007 | Lair:3   | Found a large runed translucent door.
 22114 | Lair:3   | Noticed Heal's ghost (journeyman KoBr)
 22413 | Lair:3   | Found a staircase to the Swamp.
 22570 | Lair:3   | Killed Heal's ghost
 22571 | Lair:3   | Reached XP level 14. HP: 79/84 MP: 19/30
 23641 | Lair:5   | Entered Level 5 of the Lair of Beasts
 24142 | Lair:5   | Identified the +8 morningstar of Quiescent Action {flame,
                  | rPois rF- Dex+5 Stlth+}
 24203 | Lair:5   | Reached skill level 1 in Shields
 24299 | Lair:5   | Gained mutation: You occasionally lose the ability to drink
                  | potions when taking damage. [Ru sacrifice]
 24299 | Lair:5   | Gained mutation: You sometimes lose the ability to drink
                  | potions when taking damage. [Ru sacrifice]
 24327 | Lair:5   | Found a runed translucent door.
 24412 | Lair:5   | Noticed an acid blob
 24414 | Lair:5   | Found a staircase to the Slime Pits.
 24443 | Lair:5   | Killed an acid blob
 24486 | Lair:5   | Reached skill level 15 in Dodging
 25350 | D:13     | Noticed Nessos
 25408 | D:13     | Killed Nessos
 25882 | D:13     | Found a gate to the Vaults.
 25887 | D:13     | Reached XP level 15. HP: 91/96 MP: 28/31
 26801 | D:14     | Identified the +3 leather armour of Restlessness {rPois}
 26926 | D:14     | Gained mutation: You cannot voluntarily change form. [Ru
                  | sacrifice]
 26926 | D:14     | Reached ****** piety under Ru
 27129 | D:15     | Entered Level 15 of the Dungeon
 27169 | D:15     | Reached XP level 16. HP: 101/101 MP: 32/32
 27282 | D:15     | Reached skill level 5 in Fire Magic
 27287 | D:15     | Paralysed by an ogre mage for 3 turns
 27337 | D:15     | Reached skill level 5 in Armour
 27650 | Abyss:3  | Cast into level 3 of the Abyss (an occultist)
 27681 | Abyss:3  | Found a corrupted altar of Lugonu.
 27693 | Abyss:3  | Noticed a profane servitor
 27706 | Abyss:3  | Found an ancient bone altar of Kikubaaqudgha.
 27710 | Abyss:3  | Noticed a tentacled monstrosity
 27722 | Abyss:3  | Killed a profane servitor
 27750 | Abyss:3  | Noticed a profane servitor
 27778 | Abyss:3  | Found a corrupted altar of Lugonu.
 27798 | D:15     | Escaped the Abyss
 28381 | D:15     | Found a staircase to the Depths.
 28605 | Spider:1 | Entered Level 1 of the Spider Nest
 29488 | Spider:2 | Found a glacial archway.
 29500 | IceCv    | Entered an ice cave
 30502 | Spider:3 | Reached XP level 17. HP: 86/108 MP: 18/33
 30820 | Spider:3 | Reached skill level 10 in Fire Magic
 30945 | Spider:3 | Identified the +0 plate armour of Siobuh {Rampage rF+++
                  | Int-4}
 31808 | D:3      | Bought a glowing kite shield for 127 gold pieces
 31808 | D:3      | Bought an embroidered hat for 119 gold pieces
 32090 | Swamp:1  | Entered Level 1 of the Swamp
 32327 | Swamp:1  | Reached skill level 5 in Shields
 33813 | Swamp:2  | Noticed Jorgrun
 33885 | Swamp:2  | Killed Jorgrun
 35270 | Swamp:4  | Entered Level 4 of the Swamp
 35313 | Swamp:4  | Reached XP level 18. HP: 107/107 MP: 34/34
 35392 | Swamp:4  | Reached XP level 19. HP: 30/114 MP: 21/35
 35493 | Swamp:4  | Gained mutation: You occasionally lose the ability to read
                  | scrolls when taking damage. [mutagenic glow]
 35532 | Swamp:3  | Lost mutation: You occasionally lose the ability to read
                  | scrolls when taking damage. [potion of mutation]
 35532 | Swamp:3  | Gained mutation: You occasionally lose the ability to read
                  | scrolls when taking damage. [potion of mutation]
 35532 | Swamp:3  | Gained mutation: You are covered in fur. (AC +1) [potion of
                  | mutation]
 35533 | Swamp:3  | Lost mutation: You are covered in fur. (AC +1) [potion of
                  | mutation]
 35533 | Swamp:3  | Lost mutation: You occasionally lose the ability to read
                  | scrolls when taking damage. [potion of mutation]
 35533 | Swamp:3  | Gained mutation: You sometimes lose your temper in combat.
                  | [potion of mutation]
 35533 | Swamp:3  | Gained mutation: You occasionally shout uncontrollably at
                  | your foes. [potion of mutation]
 36512 | Swamp:4  | Got a decaying rune of Zot
 36586 | Swamp:4  | Found a shimmering altar of Xom.
 37400 | Spider:4 | Entered Level 4 of the Spider Nest
 37931 | Spider:4 | Reached skill level 10 in Shields
 39040 | Spider:4 | Got a gossamer rune of Zot
 39469 | Elf:1    | Entered Level 1 of the Elven Halls
 39853 | Elf:1    | Found a transporter.
 39872 | Elf:1    | Found a transporter.
 39874 | Elf:1    | Found a bloodstained altar of Trog.
 40023 | Elf:1    | Noticed Larett's ghost (journeyman MiBe)
 40114 | Elf:1    | Found an ancient bone altar of Kikubaaqudgha.
 40125 | Elf:1    | Identified the serpent talisman "Elyzxief" {+Blink Fly
                  | Int+6 Dex-5}
 40125 | Elf:1    | Noticed Aizul
 40136 | Elf:1    | Killed Aizul
 40138 | Elf:1    | Reached skill level 15 in Fighting
 40363 | Elf:1    | Found a huge runed translucent gate.
 40369 | Elf:1    | Found a huge runed translucent gate.
 40369 | Elf:1    | Found a huge runed translucent gate.
 40371 | Elf:1    | Found a huge runed translucent gate.
 40371 | Elf:1    | Found a huge runed translucent gate.
 40371 | Elf:1    | Found a huge runed translucent gate.
 40371 | Elf:1    | Found a huge runed translucent gate.
 40372 | Elf:1    | Found a huge runed translucent gate.
 40372 | Elf:1    | Found a huge runed translucent gate.
 40372 | Elf:1    | Found a huge runed translucent gate.
 40372 | Elf:1    | Found a huge runed translucent gate.
 40373 | Elf:1    | Found a huge runed translucent gate.
 40373 | Elf:1    | Found a huge runed translucent gate.
 40373 | Elf:1    | Found a huge runed translucent gate.
 40373 | Elf:1    | Found a huge runed translucent gate.
 40373 | Elf:1    | Found a huge runed translucent gate.
 40373 | Elf:1    | Found a huge runed translucent gate.
 40373 | Elf:1    | Found a huge runed translucent gate.
 40373 | Elf:1    | Found a huge runed translucent gate.
 40374 | Elf:1    | Found a huge runed translucent gate.
 40950 | Elf:2    | Found a huge runed translucent gate.
 40950 | Elf:2    | Found a huge runed translucent gate.
 40950 | Elf:2    | Found a huge runed translucent gate.
 40955 | Elf:2    | Found a huge runed translucent gate.
 40955 | Elf:2    | Found a huge runed translucent gate.
 41036 | Elf:2    | Reached XP level 20. HP: 103/117 MP: 14/36
 41115 | Elf:2    | Noticed Louise
 41129 | Elf:2    | Killed Louise
 41174 | Elf:2    | Found Xuahyen's Book Shop.
 41204 | Elf:2    | Bought a book of Fire for 576 gold pieces
 41211 | Elf:2    | Learned a level 6 spell: Plasma Beam
 41220 | Elf:2    | Learned a level 8 spell: Ignition
 41603 | Elf:3    | Entered Level 3 of the Elven Halls
 41799 | Elf:3    | Noticed Saint Roka
 41811 | Elf:3    | Killed Saint Roka
 41812 | Elf:3    | Reached skill level 1 in Air Magic
 42004 | Elf:3    | Found Baheud's Antique Weapon Emporium.
 42352 | Elf:3    | Found Jonule Faada's Neck Hole.
 42968 | Elf:3    | Reached skill level 15 in Fire Magic
 43121 | Elf:3    | Identified the ring of Amocs {rF++ AC+4 Int-2 Slay+3 SInv}
 43124 | Elf:3    | Identified the +6 sling "Jellybane" {flame, rN+ Dex+4}
 43124 | Elf:3    | Identified the ring of Rocon {Wiz Str+4 Stlth+}
 43176 | Abyss:3  | Cast into level 3 of the Abyss (a deep elf demonologist)
 43486 | Abyss:3  | Found a corrupted altar of Lugonu.
 43577 | Abyss:3  | Found a corrupted altar of Lugonu.
 43966 | Elf:3    | Escaped the Abyss
 44186 | Elf:3    | Identified the +2 leather armour of New Discoveries {rElec
                  | Int+5}
 44458 | Elf:3    | Got Roxanne's Codex of Erosion
 44681 | Vaults:1 | Entered Level 1 of the Vaults
 45005 | Vaults:1 | Reached skill level 5 in Air Magic
 45698 | Vaults:1 | Reached XP level 21. HP: 121/124 MP: 13/37
 46717 | Vaults:2 | Found Qayf's Jewellery Shop.
 47519 | Vaults:2 | You fall into a shaft and drop 1 floor!
 48675 | Vaults:2 | Found a staircase to the Crypt.
 48813 | Crypt:1  | Entered Level 1 of the Crypt
 49198 | Crypt:1  | Identified the ring "Hibotzat" {Ice rCorr Dex-5 Slay+2}
 49198 | Crypt:1  | Noticed Josephina
 49285 | Crypt:1  | Slain by Josephina

Illustrated notes

Levels and vault maps discovered:
D:1:      dpeg_arrival_round_b, layout_loops_ring
D:2:      layout_basic
D:3:      kennysheep_slugbush, layout_rooms, vehumet_crystals, serial_shops,
          nicolae_shop_tiny_real_fake_doors,
          wander_ebering_terrifying_dragon_lair
D:4:      layout_loops_ring
D:5:      layout_cave_pools, minmay_temple_entry_glass, st_stairs_13
D:6:      layout_cave_pods, chequers_temple_overflow_statue_of_worship,
          feat_on_display
D:7:      layout_loops_ring, kennysheep_little_box, old_standard_altar,
          uniq_prince_ribbit1, uniq_crazy_yiuf_cottage, uniq_duvessa,
          uniq_menkaure, uniq_maggie
D:8:      layout_basic, st_stairs_12
D:9:      lemuel_troll_bridge, layout_long_grid, serial_bayou,
          serial_bayou_lake_a, serial_bayou_ford_a, serial_bayou_pond_e,
          serial_bayou_lagoon_b, st_stairs_3, minmay_misc_feat_five,
          minmay_unpleasant_kobolds
D:10:     layout_grid_maze
D:11:     layout_roguey [special_room_orc], david_lair_shrubbed,
          nicolae_where_there's_smoke
D:12:     layout_loops_corners
D:13:     layout_basic, lightli_vaults_fourway_checkpoint, uniq_nessos
D:14:     layout_basic, chequers_serial_rivers_micro_b
D:15:     grunt_enter_depths_magical_seal, layout_loops_corners,
          gauntlet_entry_generic, minmay_misc_feat_tower, grunt_ministairs_15
Temple:   hellmonk_temple_of_storms
Lair:1:   layout_regular_city
Lair:2:   layout_layer_cave, nicolae_spider_entry_lesser_pyramids
Lair:3:   dragon1_lemuel, layout_big_grid, skrybe_swamp_entry_bodies,
          ebering_ghost_disaster_area, small_statue_intersection
Lair:4:   layout_long_grid
Lair:5:   minmay_lair_end_enchanted_forest, layout_regular_city, slime_entry_2,
          grunt_megastairs_3, serial_bayou_shore_a
Swamp:1:  nicolae_swamp_flooded_prison, layout_basic_swamp,
          evilmike_swamp_ruin_wall
Swamp:2:  layout_basic_swamp, evilmike_swamp_ruin_house_6, uniq_jorgrun
Swamp:3:  layout_falls_marsh, evilmike_swamp_ruin_house_4, swamp_pool_1_2,
          tekkud_bubbles_buried_in_this_jungle
Swamp:4:  swamp, layout_basic_swamp, swamp_pool_1_2, lemuel_altar_in_water,
          water_boxes_lemuel, infiniplex_staircase_pool
Spider:1: layout_spider_delve
Spider:2: layout_cave_pods, portal_ice_cave_entry_pillars_2
Spider:3: layout_spider_delve
Spider:4: hellmonk_spider_rune_bug_friends, drop_trap,
          nicolae_spider_not_touching_you
Orc:1:    layout_caves, minmay_shop_mass
Orc:2:    st_orc_pillars, layout_caves, basic_altar
Elf:1:    eino_elf_arrival_customs, layout_loops_corners, basic_altar,
          gammafunk_ghost_wrathful_warriors, hangedman_elf_represent, uniq_aizul
Elf:2:    elven_hall_of_blades_hangedman_alternative [mumra_blade_entry_dagger],
          layout_onion_city, serial_shops,
          nicolae_shop_temple_entry_statues_fountains, uniq_louise
Elf:3:    grunt_elf_hall_asides, layout_loops_cross, serial_shops,
          nicolae_shop_window_shopping, special_room [special_room_orc],
          nicolae_shop_sticking_my_neck_out, uniq_saint_roka
Vaults:1: nicolae_vaults_storage_room_doors, vaults_dpeg_ring,
          nicolae_vaults_two_Ls, hangedman_vaults_snaps,
          hangedman_vaults_impose, v_pattern_1, vaults_mumra_hexcomb,
          v_alt_pattern_1, v_misc_12, nicolae_vaults_variable_pillar_hall,
          v_misc_30, dpeg_vaults_monster_box, layout_vaults_omnicross
Vaults:2: nicolae_vaults_circle_grid_b, minmay_crypt_entry_simple_plaza,
          nicolae_vaults_tangram_1, vaults_standard_mumra_enter_the_diamond,
          nicolae_vaults_tangram_1, nicolae_vaults_diamond_1,
          nicolae_vaults_heist, layout_vaults_big_room, serial_shops,
          nicolae_shop_gaudy_bauble
Vaults:3: nicolae_vaults_sealed_display, vaults_room_fours, vaults_room_boxed,
          v_alt_pattern_5, v_misc_12, hangedman_vaults_stretched_pinwheel,
          nicolae_vaults_variable_pillar_hall, nicolae_vaults_tetromino_T_2,
          layout_vaults_omnigrid
Crypt:1:  layout_misc_corridors, grunt_crypt_arrival_guarded_gate,
          uniq_josephina

Skill      XL: |  1  2  3  4  5  6  7  8  9 10 11 12 13 14 15 16 17 18 19 20 21 |
---------------+----------------------------------------------------------------+-----
Stealth        | 3 4 5 6 7 |  7.9
Alchemy        | 4 5 6 7 8 9 10 11 12 | 12.4
Fighting       | 1 2 3 4 6 7 8 9 10 11 12 14 15 | 15.0
Conjurations   | 2 5 7 8 |  8.9
Spellcasting   | 4 6 8 10 | 10.6
Fire Magic     | 1 4 9 10 14 16 17 | 17.7
Necromancy     | 4 5 7 |  7.6
Dodging        | 5 7 9 12 16 17 | 17.2
Armour         | 3 4 6 8 |  8.2
Shields        | 3 4 8 11 13 14 | 14.1
Air Magic      | 5 6 |  6.8

Action                     |  1- 3 |  4- 6 |  7- 9 | 10-12 | 13-15 | 16-18 | 19-21 || total
---------------------------+-------+-------+-------+-------+-------+-------+-------++-------
  Melee: Dagger            |    59 |    87 |       |       |       |       |       ||   146
         Punch             |     1 |       |       |       |     2 |       |       ||     3
         Staff             |       |     9 |    46 |    47 |   127 |   123 |   299 ||   651
   Cast: Sting             |    70 |    64 |    49 |       |     1 |       |       ||   184
         Mercury Vapours   |    11 |    12 |     6 |     1 |       |       |       ||    30
         Olgreb's Toxic Ra |       |     8 |    45 |   127 |   153 |   139 |   191 ||   663
         Sticky Flame      |       |       |    10 |    40 |    49 |    64 |   142 ||   305
         Dispel Undead     |       |       |     6 |     8 |    21 |    83 |    42 ||   160
         Irradiate         |       |       |       |    26 |    52 |    93 |   174 ||   345
         Sublimation of Bl |       |       |       |       |     1 |     2 |       ||     3
         Plasma Beam       |       |       |       |       |       |       |    49 ||    49
         Ignition          |       |       |       |       |       |       |     1 ||     1
 Invoke: Sacrifice Essence |       |       |     1 |       |       |       |       ||     1
         Sacrifice Artific |       |       |       |     1 |       |       |       ||     1
         Reject Sacrifices |       |       |       |     1 |     1 |       |       ||     2
         Draw Out Power    |       |       |       |     2 |     2 |     4 |     8 ||    16
         Apocalypse        |       |       |       |     1 |     3 |     6 |    10 ||    20
         Sacrifice Love    |       |       |       |     1 |       |       |       ||     1
         Sacrifice Drink   |       |       |       |       |     1 |       |       ||     1
         Sacrifice Forms   |       |       |       |       |     1 |       |       ||     1
  Evoke: Wand              |       |       |       |     1 |       |       |       ||     1
    Use: Scroll            |     3 |     4 |     3 |    10 |     9 |    11 |    15 ||    55
         Potion            |       |     2 |     3 |     3 |     2 |     8 |    18 ||    36
   Stab: Sleeping          |       |     2 |     1 |       |       |     1 |     4 ||     8
         Paralysed         |       |       |       |     2 |     4 |     5 |     9 ||    20
         Distracted        |       |       |       |     1 |     2 |       |     2 ||     5
         Invisible         |       |       |       |     1 |     1 |     1 |     2 ||     5
 Armour: Robe              |    42 |    45 |    45 |       |       |       |       ||   132
         Leather armour    |       |    14 |       |       |       |       |       ||    14
         Skin              |       |    10 |    22 |       |       |       |       ||    32
         Steam dragon scal |       |       |    27 |     7 |       |       |       ||    34
         Troll leather arm |       |       |       |   109 |   205 |   266 |   464 ||  1044
  Dodge: Dodged            |    59 |    59 |    71 |   105 |   234 |   280 |   433 ||  1241
  Block: Buckler           |       |       |       |       |    39 |    82 |       ||   121
         Kite shield       |       |       |       |       |       |    57 |   517 ||   574

Table legend: (Time is in decaauts)
 A = Elapsed time spent in this place.
 B = Non-inter-level travel time spent in this place.
 C = Inter-level travel time spent in this place.
 D = Time resting spent in this place.
 E = Time spent auto-exploring this place.
 F = Levels seen in this place.
 G = Mean time per level.
                   A        B        C        D        E       F      G
               +--------+--------+--------+--------+--------+-----+--------+
         Total |  49991 |  46429 |   3562 |   3909 |  33105 |  41 | 1219.3 |
       Dungeon |  20090 |  18328 |   1762 |    993 |  14211 |  15 | 1339.3 |
        Temple |     79 |     62 |     17 |      0 |     34 |   1 |   79.0 |
          Lair |   6838 |   6229 |    609 |    571 |   4530 |   5 | 1367.6 |
         Swamp |   5514 |   5351 |    163 |    996 |   2944 |   4 | 1378.5 |
   Spider Nest |   4794 |   4402 |    392 |    202 |   3204 |   4 | 1198.5 |
  Orcish Mines |   2714 |   2459 |    255 |    170 |   1761 |   2 | 1357.0 |
   Elven Halls |   4358 |   4157 |    201 |    456 |   2718 |   3 | 1452.7 |
        Vaults |   4159 |   4000 |    159 |    517 |   2918 |   3 | 1386.3 |
         Crypt |    472 |    472 |      0 |      0 |    354 |   1 |  472.0 |
         Abyss |    963 |    963 |      0 |      4 |    429 |   2 |  481.5 |
      Ice Cave |      4 |      4 |      0 |      0 |      0 |   1 |    4.0 |
               +--------+--------+--------+--------+--------+-----+--------+

Top non-repeatable levels by time:
Vaults:1: 2289 daAuts
   Orc:2: 2031 daAuts
  Lair:2: 1955 daAuts
     D:9: 1852 daAuts
Spider:4: 1842 daAuts
    D:11: 1780 daAuts
   Elf:3: 1735 daAuts
 Swamp:1: 1708 daAuts
Vaults:2: 1675 daAuts
  Lair:1: 1637 daAuts
     D:7: 1622 daAuts
     D:6: 1520 daAuts
     D:1: 1513 daAuts
    D:13: 1496 daAuts
 Swamp:4: 1454 daAuts
